 Dungeon Crawl Stone Soup version 0.31-a0-1309-gbf3fed316f (webtiles) character file.

Game seed: 17857513494849858724

457 cheechan the Cudgeller (level 6, -2/57 (59) HPs)
             Began as a Troll Warper on Dec 20, 2023.
             Slain by Edmund
             ... wielding a +3 dire flail of protection
              (12 damage)
             ... on level 4 of the Dungeon.
             The game lasted 00:11:28 (2652 turns).

cheechan the Cudgeller (Troll Warper)               Turns: 2652, Time: 00:11:30

HP:   -2/57 (59)    AC:  4    Str: 18    XL:     6   Next: 77%
MP:   6/8           EV: 15    Int: 17    God:
Gold: 685           SH:  0    Dex:  9    Spells: 4/9 levels left

rFire   . . .        (no weapon)
rCold   . . .        (no shield)
rNeg    . . .        b - +0 robe
rPois   .            (helmet restricted)
rElec   .            (no cloak)
rCorr   .            (gloves unavailable)
SInv    .            (boots unavailable)
Will    .....        (no amulet)
Stlth   +            g - +5 ring of evasion
HPRegen 1.09/turn    (no ring)
MPRegen 0.11/turn

%: no passive effects
@: lightly drained
A: large, unfitting armour, claws 3, regeneration 1, shaggy fur 1, tough skin 1,
clever 2, wild magic 1
a: no special abilities


You were on level 4 of the Dungeon.
You visited 1 branch of the dungeon, and saw 5 of its levels.

You collected 765 gold pieces.
You spent 80 gold pieces at shops.

Inventory:

Missiles
 d - 7 darts of dispersal
 f - 6 javelins
 i - 6 poisoned darts
Armour
 b - a +0 robe (worn)
 j - a +0 robe
 m - a +2 cloak
Jewellery
 g - a +5 ring of evasion (left claw)
 l - a ring of fire
Talismans
 h - a beast talisman
Wands
 n - a wand of roots (4)
Scrolls
 c - 2 scrolls of blinking
Potions
 a - 2 potions of enlightenment
 e - a potion of curing


   Skills:
 + Level 2.8 Fighting
 + Level 3.1 Maces & Flails
 + Level 2.6 Throwing
 + Level 3.0 Dodging
 + Level 2.1 Spellcasting
 + Level 3.0 Translocations


You had 4 spell levels left.
You knew the following spells:

 Your Spells              Type           Power      Damage    Failure   Level
a - Blink                 Tloc           30%        N/A       13%         2
b - Lesser Beckoning      Tloc           30%        N/A       13%         2
c - Sandblast             Erth           4%         2d4       26%         1

Your spell library contained the following spells:

 Spells                   Type           Power      Damage    Failure   Level
 Teleport Other           Tloc           15%        N/A       22%         3
 Manifold Assault         Tloc           15%        N/A       56%         4
 Hailstorm                Conj/Ice       2%         3d5       58%         3
 Vhi's Electric Charge    Tloc/Air       18%        N/A       78%         4
 Brom's Barrelling Bould  Conj/Erth      2%         2d3       92%         4
 Summon Ice Beast         Ice/Summ       2%         N/A       92%         4
 Arcjolt                  Conj/Air       1%         1d11      99%         5
 Simulacrum               Ice/Necr       1%         N/A       100%        6
 Maxwell's Capacitive Co  Air            1%         ∞         100%        8
 Shatter                  Erth           1%         3d5*      100%        9


Dungeon Overview and Level Annotations

Branches:
Dungeon (5/15)
 Temple: D:4-7

Altars:
Ashenzari

Shops:
D:2 ?(!

Annotations:
D:4 Edmund, Grinder


Innate Abilities, Weirdness & Mutations

You are too large for most types of armour.
You have claws for hands.
Your natural rate of healing is unusually fast.
You are covered in fur. (AC +1)
You have tough skin. (AC +1)
Your mind is very acute. (Int +8, Str/Dex -2)
Your spells are a little harder to cast, but a little more powerful.


Message History

Grinder is severely wounded.
A dart slug comes into view.
Grinder hits you but does no damage.
You scratch Grinder but do no damage.
Grinder is severely wounded.
Grinder blinks!
Grinder hits you.
You claw Grinder!
Grinder is almost dead.
Grinder hits you.
You writhe in agony.
Edmund the Younger comes into view.
He is wielding a +3 dire flail of protection.
You closely miss Grinder.
Grinder is almost dead.
Grinder hits you.
* * * LOW HITPOINT WARNING * * *
You writhe in agony.
* * * LOW HITPOINT WARNING * * *
Edmund barely misses you.
You closely miss Grinder.
Grinder is almost dead.
Edmund hits you with a +3 dire flail of protection!
* * * LOW HITPOINT WARNING * * *
Grinder hits you.
* * * LOW HITPOINT WARNING * * *
You writhe in agony.
* * * LOW HITPOINT WARNING * * *
You feel much better. Grinder barely misses you.
Edmund hits you with a +3 dire flail of protection.
You closely miss Grinder.
Grinder is almost dead.
Grinder hits you.
You writhe in agony.
Edmund hits you with a +3 dire flail of protection!
* * * LOW HITPOINT WARNING * * *
You scratch Grinder but do no damage.
Grinder is almost dead.
Grinder gestures at you.
You barely resist.
Edmund hits you with a +3 dire flail of protection!
You die...
Edmund whines, "They better pay attention to me now!"

#.........# ..
#####.######..##.# #
#................# .#
#..##.##.###..##.###.
#..##.##.###..##>...#
#..............(...#
...##.##..###.###..#
#..##.###.# #.###..#
......# .. #.w5@..#
..##### ..
#####@......# ..#
........$ ..#
########.# .## # .#
.# .# #


You could see Edmund, Grinder and a dart slug.

Vanquished Creatures
  Eustachio (D:4)
  An ice beast (D:3)
  A hound (D:5)
  10 gnolls
  3 adders
  A dart slug (D:2)
  2 orcs
  6 bats
  7 endoplasms
  5 giant cockroaches (D:1)
  4 goblins
  4 hobgoblins
  7 jackals
  A quokka (D:1)
  5 ball pythons
  3 frilled lizards
  6 kobolds
  3 rats
70 creatures vanquished.

Notes
Turn   | Place    | Note
-------+----------+-------------------------------------------
     0 | D:1      | cheechan the Troll Warper began the quest for the Orb.
     0 | D:1      | Reached XP level 1. HP: 19/19 MP: 1/1
    68 | D:1      | Reached skill level 1 in Throwing
    87 | D:1      | Reached XP level 2. HP: 28/28 MP: 3/3
   711 | D:1      | Reached XP level 3. HP: 35/35 MP: 4/4
   711 | D:1      | You fall into a shaft and drop 1 floor!
   850 | D:2      | Got Kaeli's Elucidation of Quicksand
   866 | D:2      | Learned a level 2 spell: Blink
   869 | D:2      | Learned a level 2 spell: Lesser Beckoning
   933 | D:2      | Found Fistuluc's Antique Weapon Emporium.
   963 | D:2      | Found Miara's Distillery.
  1097 | D:2      | Found Sifos's Magic Scroll Emporium.
  1436 | D:3      | Found a broken altar of Ashenzari.
  1456 | D:3      | Reached XP level 4. HP: 14/42 MP: 5/5
  1489 | D:3      | Identified a scroll of acquirement
  1489 | D:3      | Acquired 584 gold pieces
  1557 | D:2      | Bought a potion of mutation for 80 gold pieces
  1575 | D:3      | Gained mutation: Your mind is acute. (Int +4, Str/Dex -1)
                  | [potion of mutation]
  1575 | D:3      | Gained mutation: Your mind is very acute. (Int +8, Str/Dex
                  | -2) [potion of mutation]
  1575 | D:3      | Gained mutation: Your spells are a little harder to cast,
                  | but a little more powerful. [potion of mutation]
  1655 | D:3      | Noticed an ice beast
  1666 | D:3      | Killed an ice beast
  1667 | D:3      | Reached XP level 5. HP: 31/50 MP: 6/6
  1669 | D:3      | Learned a level 1 spell: Sandblast
  2158 | D:4      | Noticed Eustachio
  2271 | D:4      | Killed Eustachio
  2272 | D:4      | Reached XP level 6. HP: 22/59 MP: 5/8
  2393 | D:4      | HP: 2/52 [gnoll/+0 spear (7)]
  2409 | D:5      | Entered Level 5 of the Dungeon
  2622 | D:4      | Noticed Grinder
  2632 | D:4      | Paralysed by Grinder for 5 turns
  2647 | D:4      | Noticed Edmund
  2649 | D:4      | HP: 2/57 [Grinder (2)]
  2652 | D:4      | Slain by Edmund

Illustrated notes

Levels and vault maps discovered:
D:1:      evilmike_arrival_crescent, layout_basic, serial_bayou_lake_a
D:2:      layout_loops_ring, serial_shops, shop, shop_fountains, shop,
          nicolae_shop_rolling_square, guppyfry_early_lair_pool
D:3:      layout_basic, lemuel_tele_altar, general_overflow_altar
D:4:      layout_loops_ring, lemuel_round_altar, serial_shops,
          nicolae_shop_pleasant_corner_grove, uniq_grinder, uniq_eustachio,
          uniq_edmund
D:5:      nicolae_cairo_tiling_large_dashed, layout_gridville

Skill      XL: |  1  2  3  4  5  6 |
---------------+-------------------+-----
Throwing       | 1 2 |  2.6
Dodging        | 2 3 |  3.0
Maces & Flails | 2 3 |  3.1
Fighting       | 2 |  2.8
Spellcasting   | 2 |  2.1
Translocations | 3 |  3.0

Action                     |  1- 3 |  4- 6 || total
---------------------------+-------+-------++-------
  Melee: Unarmed           |   137 |   202 ||   339
         Punch             |       |     1 ||     1
   Cast: Lesser Beckoning  |       |     2 ||     2
         Blink             |       |     1 ||     1
         Sandblast         |       |     9 ||     9
    Use: Scroll            |     4 |     5 ||     9
         Potion            |       |     6 ||     6
 Armour: Robe              |   108 |   210 ||   318
  Dodge: Dodged            |   116 |   382 ||   498

Table legend: (Time is in decaauts)
 A = Elapsed time spent in this place.
 B = Non-inter-level travel time spent in this place.
 C = Inter-level travel time spent in this place.
 D = Time resting spent in this place.
 E = Time spent auto-exploring this place.
 F = Levels seen in this place.
 G = Mean time per level.
                   A        B        C        D        E       F      G
               +--------+--------+--------+--------+--------+-----+--------+
         Total |   2656 |   2656 |      0 |     32 |      0 |   5 |  531.2 |
       Dungeon |   2656 |   2656 |      0 |     32 |      0 |   5 |  531.2 |
               +--------+--------+--------+--------+--------+-----+--------+

Top non-repeatable levels by time:
     D:3: 831 daAuts
     D:1: 711 daAuts
     D:2: 585 daAuts
     D:4: 472 daAuts
     D:5: 55 daAuts
